NCAA
STANFORD CARDINAL @ ARIZONA STATE SUN DEVILS
03/12/2060
 
TOP OF THE 1ST
Stanford Cardinal batting - Pitching for Arizona State Sun Devils : RHP Connor Kubecka
Pitching: RHP Connor Kubecka
Batting: RHB Kurt de la Piedra 0-0: SINGLE (Groundball, 6, EV 98.1 MPH)
Batting: LHB Zavier Cobb 0-0: Called Strike
Kurt de la Piedra is caught stealing 2nd base 2-6
0-1: Ground out 5-3 (Groundball, 56, EV 86.2 MPH)
Batting: LHB Phillip Rothlisberger 0-0: Ground out 5-3 (Groundball, 56, EV 93.1 MPH)
Top of the 1st over - 0 runs, 1 hit, 0 errors, 0 left on base; Stanford 0 - Arizona State 0
BOTTOM OF THE 1ST
Arizona State Sun Devils batting - Pitching for Stanford Cardinal : LHP Willard Chaim
Pitching: LHP Willard Chaim
Batting: RHB Brian Reser 0-0: Ball
1-0: Ball
2-0: Called Strike
2-1: Ball
3-1: Ground out 5-3 (Groundball, 5S, EV 86.2 MPH)
Batting: RHB Tony Walker 0-0: Ball
1-0: Ball
2-0: Foul Ball, location: 2F
2-1: Called Strike
2-2: Fly out, F7 (Flyball, 78S, EV 93.1 MPH)
Batting: RHB Joey Bryan 0-0: Called Strike
0-1: Called Strike
0-2: Foul Ball, location: 2F
0-2: Foul Ball, location: 2F
0-2: Ball
1-2: Ground out 4-3 (Groundball, 4M, EV 94.4 MPH)
Bottom of the 1st over - 0 runs, 0 hits, 0 errors, 0 left on base; Stanford 0 - Arizona State 0
TOP OF THE 2ND
Stanford Cardinal batting - Pitching for Arizona State Sun Devils : RHP Connor Kubecka
Batting: LHB Brian Elder 0-0: Ball
1-0: DOUBLE (Line Drive, 7LS, EV 97.5 MPH)
Batting: RHB Wilt Green 0-0: Foul Ball, location: 2F
0-1: Ball
1-1: Foul Ball, location: 2F
1-2: Ball
2-2: Foul Ball, location: 2F
2-2: Ball
3-2: Base on Balls
Batting: RHB Nat Hill 0-0: Swinging Strike
0-1: Called Strike
0-2: Ball
1-2: Foul Ball, location: 2F
1-2: Foul Ball, location: 2F
1-2: Foul Ball, location: 2F
1-2: Strikes out swinging
Batting: RHB Deven Copeland 0-0: Ball
1-0: Ball
2-0: Called Strike
2-1: Called Strike
2-2: Grounds into double play, 5-4-3 (Groundball, 56, EV 98.1 MPH)
Top of the 2nd over - 0 runs, 1 hit, 0 errors, 1 left on base; Stanford 0 - Arizona State 0
BOTTOM OF THE 2ND
Arizona State Sun Devils batting - Pitching for Stanford Cardinal : LHP Willard Chaim
Batting: RHB Shawn Michaels 0-0: Hit by Pitch
Batting: RHB Cole Lucas 0-0: Swinging Strike
0-1: Ball
1-1: Ball
2-1: Fly out, F8 (Flyball, 8RD, EV 98.1 MPH)
Batting: RHB DaVaris Sandalls 0-0: Called Strike
0-1: Ball
1-1: Ball
2-1: Foul Ball, location: 2F
2-2: Foul Ball, location: 2F
2-2: Strikes out swinging
Batting: RHB Brian Yensen 0-0: Called Strike
0-1: Fly out, F6 (Line Drive, 6, EV 66.9 MPH)
Bottom of the 2nd over - 0 runs, 0 hits, 0 errors, 1 left on base; Stanford 0 - Arizona State 0
TOP OF THE 3RD
Stanford Cardinal batting - Pitching for Arizona State Sun Devils : RHP Connor Kubecka
Batting: RHB Brendan Fountain 0-0: Called Strike
0-1: Swinging Strike
0-2: Strikes out swinging
Batting: LHB Tom Downs 0-0: Called Strike
0-1: Ball
1-1: Ball
2-1: Ball
3-1: Base on Balls
Batting: RHB Kurt de la Piedra 0-0: Ball
1-0: Ball
2-0: Called Strike
2-1: DOUBLE (Groundball, 5L, EV 105.6 MPH)
Tom Downs to third
Batting: LHB Zavier Cobb 0-0: Called Strike
0-1: Ball
1-1: Ball
Wild Pitch!
Tom Downs scores
Kurt de la Piedra to third
2-1: Ball
3-1: Foul Ball, location: 2F
3-2: Base on Balls
Batting: LHB Phillip Rothlisberger 0-0: Called Strike
Zavier Cobb steals 2nd, throwing error, E2
Kurt de la Piedra scores
Zavier Cobb to third
0-1: Foul Ball, location: 2F
0-2: Fly out, F8 (Flyball, 8LXD, EV 91.9 MPH)
Runner from 3rd tags up, SCORES, no throw by CF
Batting: LHB Brian Elder 0-0: Ball
1-0: Fly out, F3 (Line Drive, 3, EV 61.9 MPH)
Top of the 3rd over - 3 runs, 1 hit, 1 error, 0 left on base; Stanford 3 - Arizona State 0
BOTTOM OF THE 3RD
Arizona State Sun Devils batting - Pitching for Stanford Cardinal : LHP Willard Chaim
Batting: RHB Vince Beach 0-0: Foul Ball, location: 2F
0-1: Ground out 4-3 (Groundball, 4, EV 101.9 MPH)
Batting: LHB Dallas Mayer 0-0: Ball
1-0: Foul Ball, location: 2F
1-1: Swinging Strike
1-2: Ball
2-2: Ball
3-2: Strikes out swinging
Batting: RHB Brian Reser 0-0: Ball
1-0: Called Strike
1-1: Ball
2-1: Swinging Strike
2-2: Strikes out looking
Bottom of the 3rd over - 0 runs, 0 hits, 0 errors, 0 left on base; Stanford 3 - Arizona State 0
TOP OF THE 4TH
Stanford Cardinal batting - Pitching for Arizona State Sun Devils : RHP Connor Kubecka
Batting: RHB Wilt Green 0-0: Called Strike
0-1: Fly out, F8 (Flyball, 8LM, EV 86.2 MPH)
Batting: RHB Nat Hill 0-0: Ball
1-0: Called Strike
1-1: Foul Ball, location: 2F
1-2: Foul Ball, location: 2F
1-2: Fly out, F9 (Flyball, 9D, EV 98.8 MPH)
Batting: RHB Deven Copeland 0-0: Ball
1-0: Swinging Strike
1-1: Ball
2-1: Foul Ball, location: 2F
2-2: Ground out U3 (Groundball, 34, EV 81.2 MPH)
Top of the 4th over - 0 runs, 0 hits, 0 errors, 0 left on base; Stanford 3 - Arizona State 0
BOTTOM OF THE 4TH
Arizona State Sun Devils batting - Pitching for Stanford Cardinal : LHP Willard Chaim
Batting: RHB Tony Walker 0-0: Fly out, F3 (Line Drive, 3, EV 60.0 MPH)
Batting: RHB Joey Bryan 0-0: Ball
1-0: Called Strike
1-1: Foul Ball, location: 2F
1-2: Strikes out looking
Batting: RHB Shawn Michaels 0-0: Ball
1-0: Foul Ball, location: 2F
1-1: Foul Ball, location: 2F
1-2: Ball
2-2: Ball
3-2: Foul Ball, location: 2F
3-2: Foul Ball, location: 2F
3-2: Ground out U3 (Groundball, 3L, EV 81.2 MPH)
Bottom of the 4th over - 0 runs, 0 hits, 0 errors, 0 left on base; Stanford 3 - Arizona State 0
TOP OF THE 5TH
Stanford Cardinal batting - Pitching for Arizona State Sun Devils : RHP Connor Kubecka
Batting: RHB Brendan Fountain 0-0: Ball
1-0: Ball
2-0: Ball
3-0: Called Strike
3-1: Fly out, F8 (Line Drive, 8LD, EV 90.0 MPH)
Pitching: RHP Damarco Strickland
Batting: LHB Tom Downs 0-0: Called Strike
0-1: Ball
1-1: Ball
2-1: SOLO HOME RUN (Flyball, 9D, EV 98.8 MPH), Distance : 398 ft
Batting: RHB Kurt de la Piedra 0-0: Ball
1-0: Swinging Strike
1-1: Foul Ball, location: 2F
1-2: Reached on error, E6 (Groundball, 6, EV 83.8 MPH)
Batting: LHB Zavier Cobb 0-0: Ball
Kurt de la Piedra steals 2nd base
1-0: Ball
2-0: Ball
3-0: Called Strike
3-1: Foul Ball, location: 2F
3-2: Ground out 1-3 (Groundball, 34S, EV 69.4 MPH)
Kurt de la Piedra to third
Batting: LHB Phillip Rothlisberger 0-0: Ball
1-0: Called Strike
1-1: Foul Ball, location: 2F
1-2: Strikes out swinging
Top of the 5th over - 1 run, 1 hit, 1 error, 1 left on base; Stanford 4 - Arizona State 0
BOTTOM OF THE 5TH
Arizona State Sun Devils batting - Pitching for Stanford Cardinal : LHP Willard Chaim
Batting: RHB Cole Lucas 0-0: Ball
1-0: Foul Ball, location: 2F
1-1: Swinging Strike
1-2: Strikes out swinging
Batting: RHB DaVaris Sandalls 0-0: Ball
1-0: Foul Ball, location: 2F
1-1: Called Strike
1-2: Ground out 6-3 (Groundball, 6, EV 101.9 MPH)
Batting: RHB Brian Yensen 0-0: Called Strike
0-1: Ball
1-1: Ball
2-1: Swinging Strike
2-2: Strikes out swinging
Bottom of the 5th over - 0 runs, 0 hits, 0 errors, 0 left on base; Stanford 4 - Arizona State 0
TOP OF THE 6TH
Stanford Cardinal batting - Pitching for Arizona State Sun Devils : RHP Damarco Strickland
Batting: LHB Brian Elder 0-0: Ground out 1-3 (Groundball, 13S, EV 66.9 MPH)
Batting: RHB Wilt Green 0-0: Ball
1-0: Foul Ball, location: 2F
1-1: Ball
2-1: Foul Ball, location: 2F
2-2: Ball
3-2: Strikes out swinging
Batting: RHB Nat Hill 0-0: Called Strike
0-1: Foul Ball, location: 2F
0-2: Foul Ball, location: 2F
0-2: Ground out 5-3 (Groundball, 56S, EV 88.8 MPH)
Top of the 6th over - 0 runs, 0 hits, 0 errors, 0 left on base; Stanford 4 - Arizona State 0
BOTTOM OF THE 6TH
Arizona State Sun Devils batting - Pitching for Stanford Cardinal : LHP Willard Chaim
Batting: RHB Vince Beach 0-0: Ball
1-0: Ball
2-0: Called Strike
2-1: Ball
3-1: Foul Ball, location: 2F
3-2: Strikes out looking
Batting: LHB Dallas Mayer 0-0: Called Strike
0-1: Foul Ball, location: 2F
0-2: Strikes out swinging
Batting: RHB Brian Reser 0-0: Ball
1-0: Foul Ball, location: 2F
1-1: Foul Ball, location: 2F
1-2: Ball
2-2: Ground out 5-3 (Groundball, 56, EV 88.8 MPH)
Bottom of the 6th over - 0 runs, 0 hits, 0 errors, 0 left on base; Stanford 4 - Arizona State 0
TOP OF THE 7TH
Stanford Cardinal batting - Pitching for Arizona State Sun Devils : RHP Damarco Strickland
Batting: RHB Deven Copeland 0-0: Foul Ball, location: 2F
0-1: Ball
1-1: Ball
2-1: Called Strike
2-2: Fly out, F9 (Flyball, 9S, EV 80.0 MPH)
Batting: RHB Brendan Fountain 0-0: Ball
1-0: Fly out, F2 (Popup, 2R, EV 90.0 MPH)
Batting: LHB Tom Downs 0-0: Swinging Strike
0-1: Ball
1-1: Ball
2-1: Ball
3-1: Foul Ball, location: 2F
3-2: Base on Balls
Batting: RHB Kurt de la Piedra 0-0: Called Strike
0-1: Foul Ball, location: 2F
0-2: Ball
1-2: Ball
2-2: Ball
3-2: Fly out, F7 (Flyball, 78S, EV 71.9 MPH)
Top of the 7th over - 0 runs, 0 hits, 0 errors, 1 left on base; Stanford 4 - Arizona State 0
BOTTOM OF THE 7TH
Arizona State Sun Devils batting - Pitching for Stanford Cardinal : LHP Willard Chaim
Batting: RHB Tony Walker 0-0: SINGLE (Groundball, 34D, EV 105.0 MPH)
Pitching: RHP Ayden Im
Batting: RHB Joey Bryan 0-0: Ball
1-0: Foul Ball, location: 2F
1-1: SINGLE (Line Drive, 89S, EV 91.9 MPH)
Tony Walker to second
Runner from 2nd tries for 3rd, SAFE, no throw by RF
Batting: LHB Randell Myles 0-0: Grounds into double play, 6-4-3 (Groundball, 6, EV 86.2 MPH)
Tony Walker scores
Batting: RHB Cole Lucas 0-0: Ball
1-0: Ball
2-0: Ball
3-0: Base on Balls
Batting: RHB DaVaris Sandalls 0-0: Foul Ball, location: 2F
0-1: Ball
1-1: Foul Ball, location: 2F
1-2: Ball
2-2: Ground out U3 (Groundball, 34, EV 79.4 MPH)
Bottom of the 7th over - 1 run, 2 hits, 0 errors, 1 left on base; Stanford 4 - Arizona State 1
TOP OF THE 8TH
Stanford Cardinal batting - Pitching for Arizona State Sun Devils : RHP Damarco Strickland
Batting: LHB Zavier Cobb 0-0: SOLO HOME RUN (Flyball, 9LD, EV 98.8 MPH), Distance : 357 ft
Batting: LHB Phillip Rothlisberger 0-0: Foul Ball, location: 2F
0-1: Ground out 6-3 (Groundball, 6MS, EV 71.9 MPH)
Batting: LHB Brian Elder 0-0: Called Strike
0-1: DOUBLE (Line Drive, 89M, EV 106.9 MPH)
Pitching: RHP Rob Sperling
Batting: RHB Wilt Green 0-0: Ball
1-0: Ball
2-0: Foul Ball, location: 2F
2-1: Foul Ball, location: 2F
2-2: DOUBLE (Line Drive, 9LS, EV 99.4 MPH)
Brian Elder scores
Batting: RHB Nat Hill 0-0: Ground out 6-3 (Groundball, 6, EV 82.5 MPH)
Batting: RHB Deven Copeland 0-0: Called Strike
0-1: Ball
1-1: Fly out, F8 (Flyball, 8LD, EV 95.6 MPH)
Top of the 8th over - 2 runs, 3 hits, 0 errors, 1 left on base; Stanford 6 - Arizona State 1
BOTTOM OF THE 8TH
Arizona State Sun Devils batting - Pitching for Stanford Cardinal : RHP Ayden Im
Batting: RHB Brian Yensen 0-0: Ball
1-0: Called Strike
1-1: DOUBLE (Flyball, 89D, EV 84.4 MPH)
Pinch Hitting: LHB Quinton Eickenhorst 0-0: Ball
1-0: Foul Ball, location: 2F
1-1: Ball
2-1: Ball
3-1: Base on Balls
Batting: LHB Dallas Mayer 0-0: Ball
1-0: Called Strike
1-1: Ball
2-1: Ball
3-1: Foul Ball, location: 2F
3-2: Fly out, F7 (Line Drive, 7, EV 103.1 MPH)
Batting: RHB Brian Reser 0-0: Foul Ball, location: 2F
0-1: Called Strike
0-2: Ball
1-2: Foul Ball, location: 2F
1-2: Hit by Pitch
Brian Yensen to third
Quinton Eickenhorst to second
Batting: RHB Tony Walker 0-0: SINGLE (Groundball, 13S, EV 68.8 MPH) (infield hit)
Brian Yensen scores
Quinton Eickenhorst to third
Brian Reser to second
Batting: RHB Joey Bryan 0-0: Ball
1-0: Ball
2-0: Called Strike
2-1: Foul Ball, location: 2F
2-2: Ball
3-2: Base on Balls
Quinton Eickenhorst scores
Brian Reser to third
Tony Walker to second
Pitching: LHP Gage Cushing
Batting: RHB Paul Johnson 0-0: Ball
1-0: Ball
2-0: Foul Ball, location: 2F
2-1: Ball
3-1: Base on Balls
Brian Reser scores
Tony Walker to third
Joey Bryan to second
Batting: RHB Cole Lucas 0-0: Foul Ball, location: 2F
0-1: Ball
1-1: SINGLE (Line Drive, 89S, EV 103.1 MPH)
Tony Walker scores
Joey Bryan to third
Paul Johnson to second
Batting: RHB DaVaris Sandalls 0-0: Swinging Strike
0-1: Called Strike
0-2: Foul Ball, location: 2F
0-2: Ball
1-2: Foul Ball, location: 2F
1-2: Foul Ball, location: 2F
1-2: Strikes out swinging
Batting: RHB Brian Yensen 0-0: Ball
1-0: Called Strike
1-1: Swinging Strike
1-2: SINGLE (Line Drive, 78M, EV 90.6 MPH)
Joey Bryan scores
Paul Johnson to third
Cole Lucas to second
Batting: LHB Quinton Eickenhorst 0-0: Ball
1-0: Fielders Choice at 2nd, 6-4 (Groundball, 6, EV 83.8 MPH)
Bottom of the 8th over - 5 runs, 4 hits, 0 errors, 3 left on base; Stanford 6 - Arizona State 6
TOP OF THE 9TH
Stanford Cardinal batting - Pitching for Arizona State Sun Devils : RHP Rob Sperling
Now at 2B: Max Dokter
Pinch Hitting: RHB Richard Ernst 0-0: Ground out 4-3 (Groundball, 4, EV 103.1 MPH)
Batting: LHB Tom Downs 0-0: Ball
1-0: Swinging Strike
1-1: Fly out, F9 (Flyball, 9, EV 85.6 MPH)
Batting: RHB Kurt de la Piedra 0-0: Swinging Strike
0-1: DOUBLE (Flyball, 9LD, EV 102.5 MPH)
Batting: LHB Zavier Cobb 0-0: Foul Ball, location: 2F
0-1: Called Strike
0-2: Ball
1-2: Ball
2-2: Ball
3-2: Base on Balls
Batting: LHB Phillip Rothlisberger 0-0: Ball
1-0: Swinging Strike
1-1: Called Strike
1-2: Ground out 4-3 (Groundball, 4, EV 103.8 MPH)
Top of the 9th over - 0 runs, 1 hit, 0 errors, 2 left on base; Stanford 6 - Arizona State 6
BOTTOM OF THE 9TH
Arizona State Sun Devils batting - Pitching for Stanford Cardinal : LHP Gage Cushing
Pitching: RHP Preston Cohen
Now at 3B: Peyton Beidelman
Batting: LHB Dallas Mayer 0-0: Ball
1-0: Ball
2-0: Foul Ball, location: 2F
2-1: Foul Ball, location: 2F
2-2: Strikes out looking
Batting: RHB Brian Reser 0-0: Fly out, F5 (Popup, 15, EV 78.1 MPH)
Batting: RHB Tony Walker 0-0: Called Strike
0-1: SINGLE (Groundball, 6MD, EV 105.6 MPH)
Batting: RHB Joey Bryan 0-0: Called Strike
0-1: Foul Ball, location: 2F
0-2: Hit by Pitch
Tony Walker to second
Batting: RHB Paul Johnson 0-0: Ball
1-0: Ball
2-0: Called Strike
2-1: Foul Ball, location: 2F
2-2: Fly out, F4 (Popup, 13S, EV 83.8 MPH)
Bottom of the 9th over - 0 runs, 1 hit, 0 errors, 2 left on base; Stanford 6 - Arizona State 6
TOP OF THE 10TH
Stanford Cardinal batting - Pitching for Arizona State Sun Devils : RHP Rob Sperling
Pitching: RHP James Wahl
Batting: LHB Brian Elder 0-0: Ball
1-0: Fly out, F7 (Line Drive, 78M, EV 93.1 MPH)
Batting: RHB Wilt Green 0-0: Ball
1-0: Foul Ball, location: 2F
1-1: Foul Ball, location: 2F
1-2: Strikes out swinging
Batting: RHB Nat Hill 0-0: Called Strike
0-1: Foul Ball, location: 2F
0-2: Strikes out looking
Top of the 10th over - 0 runs, 0 hits, 0 errors, 0 left on base; Stanford 6 - Arizona State 6
BOTTOM OF THE 10TH
Arizona State Sun Devils batting - Pitching for Stanford Cardinal : RHP Preston Cohen
Batting: RHB Cole Lucas 0-0: Ground out 6-3 (Groundball, 6, EV 85.6 MPH)
Batting: RHB DaVaris Sandalls 0-0: Foul Ball, location: 2F
0-1: Ball
1-1: Ball
2-1: Ball
3-1: Swinging Strike
3-2: Foul Ball, location: 2F
3-2: Strikes out swinging
Batting: RHB Brian Yensen 0-0: Ball
1-0: Foul Ball, location: 2F
1-1: Ground out 6-3 (Groundball, 4M, EV 80.0 MPH)
Bottom of the 10th over - 0 runs, 0 hits, 0 errors, 0 left on base; Stanford 6 - Arizona State 6
TOP OF THE 11TH
Stanford Cardinal batting - Pitching for Arizona State Sun Devils : RHP James Wahl
Batting: RHB Deven Copeland 0-0: Ball
1-0: Swinging Strike
1-1: Foul Ball, location: 2F
1-2: Foul Ball, location: 2F
1-2: Ball
2-2: Foul Ball, location: 2F
2-2: Ball
3-2: Foul Ball, location: 2F
3-2: Ground out 4-3 (Groundball, 34, EV 85.6 MPH)
Batting: RHB Peyton Beidelman 0-0: Called Strike
0-1: Fly out, F8 (Flyball, 8LD, EV 101.2 MPH)
Batting: LHB Tom Downs 0-0: Swinging Strike
0-1: Swinging Strike
0-2: Foul Ball, location: 2F
0-2: Ball
1-2: Ball
2-2: Ball
3-2: Foul Ball, location: 2F
3-2: Foul Ball, location: 2F
3-2: Foul Ball, location: 2F
3-2: Base on Balls
Batting: RHB Kurt de la Piedra 0-0: Ball
1-0: Foul Ball, location: 2F
1-1: 2-RUN HOME RUN (Flyball, 7D, EV 99.4 MPH), Distance : 390 ft
Batting: LHB Zavier Cobb 0-0: Swinging Strike
0-1: Ball
1-1: Ball
2-1: Ball
3-1: Base on Balls
Batting: LHB Phillip Rothlisberger 0-0: Ball
1-0: Foul Ball, location: 2F
1-1: Foul Ball, location: 2F
1-2: Foul Ball, location: 2F
1-2: Fly out, F7 (Flyball, 78M, EV 83.8 MPH)
Top of the 11th over - 2 runs, 1 hit, 0 errors, 1 left on base; Stanford 8 - Arizona State 6
BOTTOM OF THE 11TH
Arizona State Sun Devils batting - Pitching for Stanford Cardinal : RHP Preston Cohen
Batting: SHB Max Dokter 0-0: Ball
1-0: Foul Ball, location: 2F
1-1: Swinging Strike
1-2: Strikes out swinging
Batting: LHB Dallas Mayer 0-0: Ball
1-0: Called Strike
1-1: Swinging Strike
1-2: Strikes out looking
Batting: RHB Brian Reser 0-0: Ball
1-0: Foul Ball, location: 2F
1-1: Ball
2-1: Ball
3-1: Base on Balls
Batting: RHB Tony Walker 0-0: SINGLE (Line Drive, 6D, EV 98.8 MPH)
Brian Reser to second
Batting: RHB Joey Bryan 0-0: Ball
1-0: Fielders Choice at 2nd, 6-4 (Groundball, 56, EV 80.6 MPH)
Bottom of the 11th over - 0 runs, 1 hit, 0 errors, 2 left on base; Stanford 8 - Arizona State 6
Wednesday, April 17th , 2024 - OOTP Baseball 23.10 Build 110